 Dungeon Crawl Stone Soup version 0.30.1 (webtiles) character file.

Game seed: 9368555595155782950

141 McKennaii the Conjurer (level 4, -5/33 HPs)
             Began as a Demigod Conjurer on July 8, 2023.
             Slain by Grinder (8 damage)
             ... while paralysed by Grinder
             ... on level 3 of the Dungeon.
             The game lasted 00:02:31 (3174 turns).

McKennaii the Conjurer (Demigod Conjurer)           Turns: 3174, Time: 00:02:31

Health: -5/33      AC:  2    Str:  8    XL:     4   Next: 73%
Magic:  1/11       EV:  2    Int: 24    God:
Gold:   126        SH:  0    Dex: 12    Spells: 6/9 levels left

rFire   . . .        p - +2 hand axe (venom)
rCold   + . .        (no shield)
rNeg    . . .        a - +0 robe
rPois   .            (no helmet)
rElec   .            (no cloak)
rCorr   .            (no gloves)
SInv    .            (no boots)
Will    .....        (no amulet)
Stlth   ++           m - ring of protection from cold
HPRegen 0.25/turn    (no ring)
MPRegen 0.12/turn

%: no passive effects
@: paralysed
A: high MP 1, forlorn, divine attributes
a: no special abilities


You were on level 3 of the Dungeon.
You visited 1 branch of the dungeon, and saw 3 of its levels.

You collected 126 gold pieces.

Inventory:

Hand Weapons
 p - a +2 hand axe of venom (weapon)
Armour
 a - a +0 robe (worn)
Jewellery
 m - a ring of protection from cold (left hand)
Scrolls
 c - a scroll of enchant weapon {unknown}
 d - a scroll of noise {unknown}
 f - 7 scrolls of identify {unknown}
 g - a scroll of vulnerability {unknown}
 j - a scroll of enchant armour {unknown}
 k - 2 scrolls of teleportation {unknown}
 n - a scroll of amnesia {unknown}
Potions
 b - 3 potions of magic
 e - 2 potions of heal wounds {unknown}
 h - a potion of brilliance {unknown}
 i - a potion of lignification {unknown}
 l - 2 potions of invisibility {unknown}
 o - a potion of haste {unknown}
 q - a potion of flight {unknown}


   Skills:
 - Level 1.7 Dodging
 - Level 1.7 Stealth
 + Level 3.3 Spellcasting
 + Level 4.8 Conjurations


You had 6 spell levels left.
You knew the following spells:

 Your Spells              Type           Power      Damage    Failure   Level
a - Magic Dart            Conj           100%       1d8       1%          1
b - Searing Ray           Conj           54%        2d6       2%          2

Your spell library contained the following spells:

 Spells                   Type           Power      Damage    Failure   Level
 Dazzling Flash           Conj/Hex       30%        N/A       12%         3
 Fulminant Prism          Conj/Hex       7%         3d7       36%         4
 Iskenderun's Mystic Bla  Conj/Tloc      15%        2d5       36%         4


Dungeon Overview and Level Annotations

Branches:
Dungeon (3/15)

Annotations:
D:3 Grinder


Innate Abilities, Weirdness & Mutations

You have an increased reservoir of magic. (+10% MP)
You shall have no god before yourself.
Your divine heritage dramatically boosts your attributes as you level up.


Message History

The searing ray misses Grinder.
The searing ray misses Grinder.
The searing ray misses Grinder.
You finish channelling your searing ray.
The kobold shouts!
Casting: Searing Ray (safe; 2% risk of failure)
Confirm with . or Enter, or press ? or * to list all spells.
Aiming: Searing Ray (safe; 2% risk of failure)
Press: ? - help, Shift-Dir - straight line, f/p - Grinder
Aim: Grinder (moderately wounded, 77% to hit)
The searing ray hits Grinder.
Grinder is moderately wounded. (Press . to maintain the ray.) Grinder hits you.
You writhe in agony.
The searing ray misses Grinder.
Grinder hits you!
The searing ray hits Grinder!
Grinder is heavily wounded.
Grinder hits you.
The searing ray hits Grinder.
Grinder is severely wounded.
You finish channelling your searing ray.
Grinder hits you.
Unknown command.
You hit Grinder.
Grinder is poisoned.
Grinder is severely wounded.
Grinder barely misses you.
Unknown command.
Grinder attacks as you move away! Grinder hits you but does no damage.
Unknown command.
Grinder attacks as you move away! Grinder hits you!
* * * LOW HITPOINT WARNING * * *
You writhe in agony.
* * * LOW HITPOINT WARNING * * *
Grinder gestures at you.
You suddenly lose the ability to move!
Grinder gestures at you.
You shrug off the repeated paralysis!
Grinder hits you but does no damage. Grinder hits you!
You die...

#.# . #.# .
#.####### #.##.....
#.##.###.
#######.##.....
#..<....##..##.
######.###.#.##..##.
#K5@...##.#.........
#r####.###...##..##.
#'# ### ##[.....###
~.r #.###.## .....
#.# #.# .......
#.###.#### ..#####..
#>.##.....
..$..#.....
#..#######
~.....#$....~###..#


You could see Grinder (poisoned), a quokka and a kobold.

Vanquished Creatures
  An orc wizard (D:3)
  4 gnolls (D:3)
  4 dart slugs
  2 orcs (D:3)
  A bat (D:1)
  2 endoplasms
  A giant cockroach (D:2)
  15 goblins
  10 hobgoblins
  6 jackals
  4 kobolds
  6 ball pythons
  3 frilled lizards
  2 rats (D:3)
61 creatures vanquished.

Notes
Turn   | Place    | Note
-------+----------+-------------------------------------------
     0 | D:1      | McKennaii the Demigod Conjurer began the quest for the Orb.
     0 | D:1      | Reached XP level 1. HP: 14/14 MP: 5/5
   420 | D:1      | Reached XP level 2. HP: 20/20 MP: 5/7
   423 | D:1      | Learned a level 2 spell: Searing Ray
   646 | D:1      | Reached skill level 4 in Conjurations
  1058 | D:1      | Reached XP level 3. HP: 26/26 MP: 5/9
  2734 | D:3      | Reached XP level 4. HP: 33/33 MP: 3/11
  3157 | D:3      | Noticed Grinder
  3170 | D:3      | HP: 1/33 [Grinder (4)]
  3170 | D:3      | Paralysed by Grinder for 5 turns
  3174 | D:3      | Slain by Grinder

Illustrated notes

Levels and vault maps discovered:
D:1:      minmay_arrival_four_loops, layout_loops_ring, corexii_hall_statues_i
D:2:      layout_basic, serial_bayou_pond_b, minmay_goblin_outpost
D:3:      layout_loops_ring, hellmonk_ecumenical_altar_inner_sanctum,
          kennysheep_generic_room_16, uniq_grinder

Skill      XL: |  1  2  3 |
---------------+----------+-----
Spellcasting   | 2 3 |  3.3
Conjurations   | 4 |  4.8
Dodging        | |  1.7
Stealth        | |  1.7

Action                     |  1- 3 |  4- 6 || total
---------------------------+-------+-------++-------
  Melee: Unarmed           |    32 |     2 ||    34
         Punch             |     1 |       ||     1
         Hand axe          |       |     1 ||     1
   Cast: Magic Dart        |   100 |    17 ||   117
         Searing Ray       |     3 |     4 ||     7
 Armour: Robe              |     7 |     3 ||    10
  Dodge: Dodged            |    42 |     5 ||    47
